 Dungeon Crawl Stone Soup version 0.19-a0-1670-gc28a5d9 (webtiles) character file.

64 Ijustatesigmund the Magician (level 3, -2/19 HPs)
             Began as a Deep Elf Wizard on Sept 21, 2016.
             Killed from afar by an orc wizard (8 damage)
             ... with a magic dart
             ... on level 3 of the Dungeon.
             The game lasted 00:04:46 (2107 turns).

Ijustatesigmund the Magician (Deep Elf Wizard)      Turns: 2107, Time: 00:04:47

Health: -2/19      AC:  4    Str:  4    XL:     3   Next: 91%
Magic:  8/10       EV: 13    Int: 20    God:
Gold:   82         SH:  0    Dex: 13    Spells: 4 memorised, 2 levels left

rFire  + . .     SeeInvis .     e - +1 dagger (venom)
rCold  + . .     Gourm    .     a - +1 robe
rNeg   . . .     Faith    .     (no shield)
rPois  +         Spirit   .     b - +0 hat
rElec  +         Dismiss  .     f - +0 cloak
rCorr  +         Reflect  .     (no gloves)
MR     .....     Harm     .     (no boots)
Stlth  ++........               (no amulet)
                                (no ring)
                                j - -3 ring of intelligence (curse)

@: resistant, repel missiles
A: no striking features
a: no special abilities


You were on level 3 of the Dungeon.
You were not hungry.

You visited 1 branch of the dungeon, and saw 3 of its levels.

You collected 82 gold pieces.

Inventory:

Hand Weapons
 e - a +1 dagger of venom (weapon)
Armour
 a - a +1 robe (worn)
 b - a +0 hat (worn)
 f - a +0 cloak (worn)
Jewellery
 j - a cursed -3 ring of intelligence (left hand)
Books
 c - a book of Minor Magic

   Spells                             Type                      Level
   a - Magic Dart                     Conjuration                  1
   b - Blink                          Translocation                2
   c - Call Imp                       Summoning                    2
   d - Repel Missiles                 Charms/Air                   2
   e - Slow                           Hexes                        2
   f - Conjure Flame                  Conjuration/Fire             3
   g - Mephitic Cloud                 Conjuration/Poison/Air       3
Comestibles
 d - a bread ration
 i - 3 chunks of flesh


   Skills:
 - Level 2.4 Dodging
 - Level 2.4 Stealth
 - Level 4.4 Spellcasting
 + Level 3.4 Conjurations
   Level 1.1 Summonings
 + Level 2.5 Translocations


You had 2 spell levels left.
You knew the following spells:

 Your Spells              Type           Power        Failure   Level  Hunger
a - Magic Dart            Conj           ###.         2%          1    None
b - Blink                 Tloc           N/A          10%         2    #......
c - Repel Missiles        Chrm/Air       #.....       21%         2    #......
d - Mephitic Cloud        Conj/Pois/Air  #.......     24%         3    ###....


Dungeon Overview and Level Annotations

Branches:
Dungeon (3/15)

Altars:
Trog


Message History

You feel protected.
An orc comes into view. It is wielding a trident.
The giant cockroach bites you but does no damage.
You closely miss the giant cockroach. The giant cockroach closely misses you.
You hit the giant cockroach but do no damage.
The giant cockroach is poisoned.
The giant cockroach bites you but does no damage.
You hit the giant cockroach.
The giant cockroach looks as sick as possible!
The giant cockroach is heavily wounded.
You kill the giant cockroach!
You miss the orc wizard. The orc wizard misses you.
You closely miss the orc wizard. The orc wizard hits you with a dagger.
You barely miss the orc wizard. The orc wizard casts a spell at you.
The puff of flame misses you.
You hit the orc wizard but do no damage.
The orc wizard gestures at you while chanting.
The magic dart hits you!
You die... ...o .ow

s. #. ..
#o###########
#....
#.#.o.........#
#....
#.....s.(####.
#....###########o#
#.......#....@os#
#.......#.########
#.......'.........
#.......##.######
#.......##.#
#####'####.#
#####'####+##
#...........#
#...........#


You could see 2 orc wizards and a giant cockroach.

Vanquished Creatures
  2 adders (D:2)
  A leopard gecko (D:3)
  5 giant cockroaches
  5 goblins
  5 hobgoblins
  3 jackals (D:2)
  2 quokkas (D:2)
  7 bats
  2 frilled lizards (D:2)
  6 kobolds
  4 rats (D:1)
42 creatures vanquished.

Notes
Turn   | Place    | Note
-------+----------+-------------------------------------------
     0 | D:1      | Ijustatesigmund the Deep Elf Wizard began the quest for the Orb.
     0 | D:1      | Reached XP level 1. HP: 10/10 MP: 7/7
   414 | D:1      | Reached XP level 2. HP: 14/15 MP: 5/9
   420 | D:1      | Learned a level 2 spell: Blink
   423 | D:1      | Learned a level 2 spell: Repel Missiles
  1212 | D:2      | Found a bloodstained altar of Trog.
  1240 | D:2      | Reached XP level 3. HP: 19/19 MP: 5/10
  1479 | D:2      | Learned a level 3 spell: Mephitic Cloud
  2107 | D:3      | Killed from afar by an orc wizard

Vault maps used:
D:1:      dpeg_arrival_central
D:2:      bloody_trog
D:3:      st_stairs_4, uniq_natasha

Skill      XL: |  1  2  3 |
---------------+----------+-----
Conjurations   | 2 3 |  3.4
Translocations | 2 |  2.5
Dodging        | |  2.4
Stealth        | |  2.4
Spellcasting   | |  4.4
Summonings     | |  1.1

Action                   || total
-------------------------++-------
Melee: Dagger            ||     8
 Cast: Magic Dart        ||    84
       Repel Missiles    ||     1
  Use: Scroll            ||     5
       Potion            ||     2
  Eat: Chunk             ||     2
       Beef jerky        ||     1
Armor: Robe              ||     3
Dodge: Dodged            ||    10
       Deflected         ||     1
